 Dungeon Crawl Stone Soup version 0.25-b1-37-g2669288c55 (webtiles) character file.

Game seed: 5652528649791163245

109036 funkygono the Peltast (level 16, -11/100 HPs)
             Began as a Gargoyle Fighter on June 5, 2020.
             Was a High Priest of Okawaru.
             Mangled by a naga warrior
             ... wielding a +0 glaive
              (17 damage)
             ... on level 4 of the Snake Pit.
             The game lasted 01:37:52 (24727 turns).

funkygono the Peltast (Gargoyle Fighter)           Turns: 24727, Time: 01:37:53

Health: -11/100    AC: 23    Str: 28    XL:     16   Next: 51%
Magic:  21/23      EV: 16    Int: 17    God:    Okawaru [*****.]
Gold:   1440       SH: 24    Dex:  9    Spells: 21/25 levels left

rFire    . . .     SeeInvis .   M - +7 flail (venom)
rCold    . . .     Gourm    .   E - +2 kite shield
rNeg     + . .     Faith    .   (no armour)
rPois    ∞         Spirit   .   b - +2 hat {Int+3}
rElec    +         Reflect  +   g - +1 cloak
rCorr    .         Harm     .   L - +1 pair of gloves
MR       ++...                  y - +2 pair of boots {run}
Stlth    ++++......             N - amulet of reflection
HPRegen  0.26/turn              e - ring of protection from magic
MPRegen  0.18/turn              t - +6 ring of intelligence

@: heroism, flying, quick
A: big wings, negative energy resistance 1, electricity resistance, unbreathing,
petrification resistance, rot immunity, AC +12
a: Stop Flying, Heroism, Finesse, Renounce Religion


You were on level 4 of the Snake Pit.
You worshipped Okawaru.
Okawaru was extremely pleased with you.
You were not hungry.

You visited 4 branches of the dungeon, and saw 21 of its levels.
You also visited: Sewer.

You collected 1440 gold pieces.

Inventory:

Hand Weapons
 k - a +2 flail of protection
 M - a +7 flail of venom (weapon)
 R - the +4 eveningstar "Ydoam" {antimagic, rPois Str+3}
   (Okawaru gifted it to you on level 5 of the Lair of Beasts)

   It reduces the magical energy of the wielder, and disrupts the spells and
   magical abilities of those hit.
   Natural abilities and divine invocations are not affected.
   It affects your strength (+3).
   It protects you from poison.
 X - the cursed +0 great mace of Fragile Peace {vorpal, rN+ Int+3}
   (You found it on level 2 of the Snake Pit)

   It inflicts extra damage upon your enemies.
   It affects your intelligence (+3).
   It protects you from negative energy.
   It has a curse placed upon it.
 Z - a +4 vorpal mace
Missiles
 p - 265 bolts
 r - 827 stones (quivered)
 u - 573 arrows
Armour
 b - a +2 hat of intelligence (worn)
 g - a +1 cloak (worn)
 o - a +1 plate armour of poison resistance
 w - a +3 chain mail of cold resistance
 y - a +2 pair of boots of running (worn)
 C - a scarf of harm
 E - a +2 kite shield (worn)
 K - the +0 scale mail "Haphist" {Harm *Slow rN+}
   (You found it on level 3 of the Lair of Beasts)

   It protects you from negative energy.
   It may slow you when you take damage.
   It increases damage dealt and taken.
 L - a +1 pair of gloves (worn)
Magical Staves
 I - a cursed staff of conjuration
Jewellery
 e - a ring of protection from magic (left hand)
 t - a +6 ring of intelligence (right hand)
 A - an uncursed ring of fire
 N - an amulet of reflection (around neck)
 S - the cursed ring "Yddosm" {+Inv Str+2 Int-4 Dex+4 Stlth+}
   (You took it off a naga mage on level 3 of the Snake Pit)

   [ring of intelligence]

   It affects your strength (+2).
   It affects your intelligence (-4).
   It affects your dexterity (+4).
   It lets you turn invisible.
   It makes you more stealthy.
   It has a curse placed upon it.
 U - a +4 ring of protection
 W - an uncursed ring of protection from fire
Wands
 x - a wand of clouds (2)
 P - a wand of acid (3)
 T - a wand of digging (7)
 V - a wand of random effects (9)
Scrolls
 c - 10 scrolls of teleportation
 d - a scroll of fear
 i - 4 scrolls of blinking
 n - 18 scrolls of remove curse
 s - 2 scrolls of identify
 v - a scroll of summoning {unknown}
 z - 7 scrolls of magic mapping
 G - a scroll of enchant weapon
 Q - 2 scrolls of fog
Potions
 a - a potion of cancellation
 h - 3 potions of lignification
 j - 11 potions of curing
 l - 5 potions of flight
 m - 6 potions of brilliance
 q - 4 potions of mutation
 B - 3 potions of haste
 D - a potion of heal wounds
 F - 2 potions of stabbing
 H - a potion of resistance
 J - 2 potions of magic
 O - a potion of invisibility
 Y - a potion of ambrosia
Comestibles
 f - 34 rations


   Skills:
 + Level 11.6(16.6) Fighting
 + Level 14.4(19.4) Maces & Flails
 + Level 10.1(15.1) Armour
 + Level 4.6(9.6) Dodging
 + Level 5.0(10.0) Stealth
 + Level 17.4(22.4) Shields
 + Level 5.0 Spellcasting
 + Level 5.1 Conjurations
 + Level 4.6 Fire Magic
 + Level 6.3 Invocations
 + Level 5.3 Evocations


You had 21 spell levels left.
You knew the following spells:

 Your Spells              Type           Power        Failure   Level  Hunger
a - Foxfire               Conj/Fire      ###.         1%          1    None
b - Searing Ray           Conj           ###...       2%          2    #......
c - Sting                 Tmut/Pois      #...         14%         1    None

Your spell library contained the following spells:

 Spells                   Type           Power        Failure   Level  Hunger
 Magic Dart               Conj           ###.         1%          1    None
 Conjure Flame            Conj/Fire      ###.....     6%          3    ###....
 Animate Skeleton         Necr           N/A          14%         1    None
 Beastly Appendage        Tmut           #.....       14%         1    None
 Freeze                   Ice            #...         14%         1    None
 Pain                     Necr           #...         14%         1    None
 Dazzling Flash           Conj/Hex       ##....       16%         3    ###....
 Inner Flame              Hex/Fire       ##......     16%         3    ###....
 Sticky Flame             Conj/Fire      ###.....     19%         4    ####...
 Passwall                 Tmut/Erth      #.......     22%         2    #......
 Poisonous Vapours        Pois/Air       #.....       22%         2    #......
 Swiftness                Chrm/Air       #.......     22%         2    #......
 Ignite Poison            Fire/Tmut/Pois #.......     22%         3    ###....
 Mephitic Cloud           Conj/Pois/Air  ##......     22%         3    ###....
 Confusing Touch          Hex            #.......     38%         3    ###....
 Frozen Ramparts          Ice            #.....       38%         3    ###....
 Gell's Gravitas          Tloc           #.........   38%         3    ###....
 Ozocubu's Armour         Chrm/Ice       #.......     38%         3    ###....
 Vampiric Draining        Necr           #.........   38%         3    ###....
 Fulminant Prism          Conj/Hex       ##........   45%         4    ####...
 Hailstorm                Conj/Ice       ##......     45%         4    ####...
 Iskenderun's Mystic Bla  Conj/Tloc      ##......     45%         4    ####...
 Fireball                 Conj/Fire      ###.......   47%         5    ######.
 Animate Dead             Necr           N/A          80%         4    ####...
 Ice Form                 Ice/Tmut       #.......     80%         4    ####...
 Passage of Golubria      Tloc           N/A          80%         4    ####...
 Petrify                  Tmut/Erth      #.......     80%         4    ####...
 Summon Ice Beast         Ice/Summ       #.......     80%         4    ####...
 Irradiate                Conj/Tmut      ##........   80%         5    ######.
 Agony                    Necr           #.......     98%         5    ######.
 Alistair's Intoxication  Tmut/Pois      #.......     98%         5    ######.
 Lee's Rapid Deconstruct  Erth           #.........   98%         5    ######.
 Metabolic Englaciation   Hex/Ice        #.........   98%         5    ######.
 Yara's Violent Unravell  Hex/Tmut       #.........   98%         5    ######.
 Darkness                 Hex            #.........   100%        6    #######
 Eringya's Noxious Bog    Tmut/Pois      #.........   100%        6    #######
 Freezing Cloud           Conj/Ice/Air   ##........   100%        6    #######
 Invisibility             Hex            #.......     100%        6    #######
 Ring of Flames           Chrm/Fire      ##........   100%        7    #######
 Sublimation of Blood     Necr           Unusable     N/A         2    N/A
 Statue Form              Tmut/Erth      Unusable     N/A         6    N/A

Dungeon Overview and Level Annotations

Branches:
Dungeon (11/15)            Temple (1/1) D:4            Lair (5/6) D:11
 Shoals (0/4) Lair:3        Snake (4/4) Lair:3          Orc (0/2) D:9
  Sewer (visited)
  Slime: Lair:5-6

Altars:
Ashenzari
Cheibriados
Dithmenos
Elyvilon
Fedhas
Gozag
Hepliaklqana
Kikubaaqudgha
Makhleb
Nemelex Xobeh
Okawaru
Qazlal
Ru
Sif Muna
Trog
Uskayaw
Vehumet
Wu Jian
Xom
Yredelemnul
Zin
The Shining One

Shops:
D:7 [   D:9 !   D:10 =


Innate Abilities, Weirdness & Mutations

You are resistant to torment.
Your stone body is resilient. (AC +12)
You are immune to poison.
Your large and strong wings let you fly indefinitely.
You resist negative energy. (rN+)
You are resistant to electric shocks. (rElec)
You can survive without breathing.
You are immune to petrification.
You are immune to rotting.


Message History

The naga sharpshooter magically shoots an arrow.
You reflect the arrow off an invisible shield around you!
The naga sharpshooter shoots an arrow.
The arrow closely misses you. You block the naga warrior's attack. x2
You see here 5 arrows.
You bludgeon the naga warrior!!
The naga warrior is moderately wounded.
The naga sharpshooter spits poison at you.
The splash of poison misses you.
You hit the naga warrior.
The naga warrior is moderately wounded.
The naga warrior spits poison at you.
The splash of poison reflects off an invisible shield around you!
The splash of poison hits the naga warrior but does no damage.
You hit the naga warrior.
The naga warrior is moderately wounded.
The naga sharpshooter shoots an arrow.
The arrow hits you!!
* * * LOW HITPOINT WARNING * * *
The naga warrior hits you with a +0 glaive!
You die...

#......... # . .N. ##......... ##
.( ..N ##.......... .### .....
##....####... ...#### ##'#(##
#####.....#..#...
......###.....###........##..##..
.....##...≈≈≈(NN##.......#....'..
.....#.#..≈≈≈..#)#.......##...#..
..)..#.#..≈≈≈..#@#.......##..##..
.....#.#..≈≈≈..#N#.......#...##..
.....##...≈≈≈..)##.......#'...#..
......###.....###.........##.##..
.......###'''###........†..###...
.......##.....##.................
'#####.............###...........
.....#............##.#####.......
.....#............#......##......


You could see a naga warrior (catching breath) and a naga sharpshooter (catching
breath).

Vanquished Creatures
  Gastronok (Lair:1)
  Roxanne (Snake:3)
  6 nagarajas
  A hydra (Lair:1)
  11 naga warriors
  19 anacondas
  A two-headed ogre (D:9)
  3 death yaks (D:11)
  10 shock serpents
  Urug (Lair:3)
  13 naga sharpshooters
  2 salamander mystics
  A sixfirhy (D:11)
  3 sea snakes (Snake:4)
  5 naga ritualists
  Pikel (D:7)
  A lindwurm (Lair:5)
  The ghost of Sedillia the Covert, a novice GnWn of Cheibriados (D:6)
  8 mana vipers
  A cyclops (D:9)
  7 salamanders
  Joseph (D:9)
  43 black mambas
  2 merfolk sirens (Lair:3)
  4 guardian serpents
  10 elephants
  17 naga magi
  2 rime drakes
  4 spiny frogs
  A komodo dragon (Lair:4)
  2 merfolk (Lair:3)
  A queen bee (Lair:1)
  3 polar bears
  2 trolls
  Grinder (D:3)
  5 blink frogs (Lair:4)
  3 hippogriffs
  Sigmund (D:3)
  A spriggan (D:8)
  4 wraiths (D:10)
  17 yaks
  Eustachio (D:8)
  3 basilisks
  38 nagas
  21 water moccasins
  11 porcupines
  Purgy (D:4)
  4 orc warriors (D:8)
  A phantom (D:8)
  A sky beast (D:8)
  2 slaves (D:7)
  5 ogres
  6 wolves (Lair:1)
  2 centaurs
  8 crocodiles
  7 big kobolds
  Blork the orc (D:4)
  13 bullfrogs
  A gnoll sergeant (D:8)
  2 scorpions
  A wight (D:8)
  26 killer bees (Lair:1)
  3 crimson imps
  3 centaur zombies
  3 hounds
  4 orc priests
  A bullfrog zombie (D:6)
  2 jellies
  3 bullfrog skeletons
  A quasit (D:10)
  A centaur skeleton (D:6)
  6 orc wizards
  Terence (D:3)
  An iguana (D:4)
  A hell rat (D:11)
  2 worker ants
  2 hound zombies
  3 hound skeletons
  Robin (D:3)
  3 gnolls (D:3)
  20 adders
  A shadow imp (D:10)
  2 oozes
  An adder zombie (D:8)
  2 worms (D:2)
  2 dart slugs (D:2)
  3 leopard geckos
  28 orcs
  19 bats
  12 giant cockroaches
  11 goblins
  12 hobgoblins
  18 jackals
  45 kobolds
  11 quokkas
  9 ball pythons
  3 frilled lizards
  A leopard gecko zombie (D:5)
  21 rats
  A butterfly (Lair:4)
  3 plants (D:7)
642 creatures vanquished.

Vanquished Creatures (others)
  A naga sharpshooter (Snake:4)
  Duvessa (D:7)
  A bullfrog (D:7)
  Dowan (D:7)
  A crimson imp (D:7)
  A centaur zombie (D:7)
  65 foxfires
  A fungus (Lair:4)
  4 plants
76 creatures vanquished.

Grand Total: 718 creatures vanquished

Notes
Turn   | Place    | Note
-------+----------+-------------------------------------------
     0 | D:1      | funkygono the Gargoyle Fighter began the quest for the Orb.
     0 | D:1      | Reached XP level 1. HP: 14/14 MP: 1/1
   126 | D:1      | Reached XP level 2. HP: 17/19 MP: 2/2
   484 | D:1      | Reached XP level 3. HP: 20/23 MP: 3/3
   925 | D:2      | Reached XP level 4. HP: 28/28 MP: 4/4
  1630 | D:3      | Reached skill level 4 in Shields
  1728 | D:3      | Reached XP level 5. HP: 32/32 MP: 5/5
  2056 | D:3      | Noticed Terence
  2059 | D:3      | Noticed Sigmund
  2077 | D:3      | Noticed Grinder
  2078 | D:3      | Killed Terence
  2100 | D:3      | Killed Sigmund
  2100 | D:3      | Reached XP level 6. HP: 11/38 MP: 6/6
  2100 | D:3      | Paralysed by Grinder for 3 turns
  2111 | D:3      | Paralysed by Grinder for 5 turns
  2129 | D:3      | Killed Grinder
  2129 | D:3      | Reached skill level 5 in Maces & Flails
  2129 | D:3      | Reached skill level 5 in Shields
  2129 | D:3      | Reached XP level 7. HP: 20/43 MP: 7/7
  2464 | D:3      | Reached skill level 1 in Dodging
  2513 | D:3      | Noticed Robin
  2545 | D:3      | Killed Robin
  2774 | D:4      | Noticed Blork the orc
  2790 | D:4      | Killed Blork the orc
  2790 | D:4      | Reached skill level 6 in Shields
  2865 | D:4      | Noticed Purgy
  2876 | D:4      | Killed Purgy
  2876 | D:4      | Reached XP level 8. HP: 46/48 MP: 8/8
  2898 | D:4      | Found a staircase to the Ecumenical Temple.
  3021 | D:4      | Reached skill level 5 in Armour
  3306 | D:4      | Found a glowing drain.
  3325 | Sewer    | Entered a sewer
  3554 | Sewer    | Reached skill level 7 in Shields
  3738 | Temple   | Entered the Ecumenical Temple
  4015 | Temple   | Became a worshipper of Warmaster Okawaru
  4057 | D:5      | Entered Level 5 of the Dungeon
  4109 | D:5      | Identified a +0 pair of boots of running (You found it on
                  | level 5 of the Dungeon)
  4593 | D:5      | Reached XP level 9. HP: 52/53 MP: 9/9
  4888 | D:6      | Reached skill level 5 in Fighting
  4963 | D:6      | Found a runed translucent door.
  4964 | D:6      | Noticed Sedillia's ghost (novice GnWn)
  5033 | D:6      | Reached skill level 1 in Stealth
  5051 | D:6      | Found a shattered altar of Ashenzari.
  5087 | D:6      | Reached * piety under Okawaru
  5688 | D:7      | Noticed Pikel
  5697 | D:7      | Killed Pikel
  5697 | D:7      | Reached ** piety under Okawaru
  5697 | D:7      | Reached skill level 8 in Shields
  5698 | D:7      | Found Tagh's Antique Armour Shoppe.
  5755 | D:7      | Found an ancient bone altar of Kikubaaqudgha.
  5815 | D:7      | Reached skill level 1 in Evocations
  6037 | D:7      | Killed Duvessa
  6052 | D:7      | Killed Dowan
  6536 | D:7      | Learned a level 1 spell: Foxfire
  6562 | D:8      | Noticed Eustachio
  6839 | D:8      | Reached XP level 10. HP: 49/60 MP: 11/11
  6918 | D:8      | Reached skill level 9 in Shields
  6918 | D:8      | Reached skill level 1 in Invocations
  6949 | D:8      | Killed Eustachio
  6949 | D:8      | Reached skill level 1 in Conjurations
  6953 | D:8      | Reached skill level 1 in Spellcasting
  6976 | D:8      | Reached skill level 1 in Fire Magic
  7383 | D:9      | Found Huapil's Distillery.
  7483 | D:9      | Reached *** piety under Okawaru
  7504 | D:9      | Noticed a cyclops
  7537 | D:9      | Killed a cyclops
  7590 | D:9      | Found a staircase to the Orcish Mines.
  7729 | D:9      | Noticed Joseph
  7729 | D:9      | Noticed a two-headed ogre
  7782 | D:9      | Killed a two-headed ogre
  7804 | D:9      | Killed Joseph
  7804 | D:9      | Reached **** piety under Okawaru
  8458 | D:10     | Entered Level 10 of the Dungeon
  8632 | D:10     | Reached XP level 11. HP: 53/66 MP: 16/16
  8647 | D:10     | Reached ***** piety under Okawaru
  8852 | D:10     | Found the +5 scythe "Finisher" {speed, eviscerate}
  8892 | D:10     | Found Wowantathro's Jewellery Shoppe.
  9046 | D:10     | Found a basalt altar of Yredelemnul.
  9520 | D:11     | Found a runed translucent door.
  9520 | D:11     | Noticed a sixfirhy
  9568 | D:11     | Noticed a death yak
  9584 | D:11     | Killed a death yak
  9585 | D:11     | Found a staircase to the Lair.
  9585 | D:11     | Noticed a death yak
  9603 | D:11     | Noticed a death yak
  9614 | D:11     | Killed a death yak
  9614 | D:11     | Reached skill level 10 in Maces & Flails
  9622 | D:11     | Killed a death yak
 10418 | D:6      | Killed Sedillia's ghost
 10598 | D:11     | Killed a sixfirhy
 10598 | D:11     | Reached skill level 10 in Shields
 10638 | Lair:1   | Entered Level 1 of the Lair of Beasts
 10709 | Lair:1   | Noticed a four-headed hydra
 10722 | Lair:1   | Killed a four-headed hydra
 10933 | Lair:1   | Received a gift from Okawaru
 11108 | Lair:1   | Reached XP level 12. HP: 65/72 MP: 16/19
 11331 | Lair:1   | Reached skill level 11 in Shields
 11434 | Lair:1   | Noticed Gastronok
 11462 | Lair:1   | Killed Gastronok
 12540 | Lair:2   | Reached skill level 12 in Shields
 13125 | Lair:3   | Got a heavily runed scale mail
 13158 | Lair:3   | Identified the cursed +0 scale mail "Haphist" {Harm *Slow
                  | rN+} (You found it on level 3 of the Lair of Beasts)
 13207 | Lair:3   | Learned a level 2 spell: Searing Ray
 13292 | Lair:3   | Received a gift from Okawaru
 13462 | Lair:3   | Found a staircase to the Snake Pit.
 13639 | Lair:3   | Reached XP level 13. HP: 36/79 MP: 20/20
 13659 | Lair:3   | Found a staircase to the Shoals.
 13882 | Lair:3   | Noticed Urug
 13895 | Lair:3   | Killed Urug
 14755 | Lair:4   | Reached skill level 13 in Shields
 15563 | Lair:5   | Received a gift from Okawaru
 15569 | Lair:5   | Got a pitted eveningstar {god gift}
 15570 | Lair:5   | Identified the +4 eveningstar "Ydoam" {antimagic, rPois
                  | Str+3} (Okawaru gifted it to you on level 5 of the Lair of
                  | Beasts)
 16559 | Snake:1  | Entered Level 1 of the Snake Pit
 17235 | Snake:1  | Reached skill level 14 in Shields
 17440 | Snake:1  | Gained mutation: Your large and strong wings let you fly
                  | indefinitely. [Gargoyle growth]
 17440 | Snake:1  | Reached XP level 14. HP: 84/86 MP: 13/21
 17449 | Snake:1  | Received a gift from Okawaru
 17469 | Snake:1  | Reached skill level 5 in Spellcasting
 18473 | Snake:2  | Reached skill level 10 in Fighting
 18547 | Snake:2  | Reached skill level 5 in Conjurations
 18861 | Snake:2  | Noticed a nagaraja
 18872 | Snake:2  | Killed a nagaraja
 18872 | Snake:2  | Reached skill level 15 in Shields
 18995 | Snake:2  | Got a crystal great mace
 19045 | Snake:2  | Received a gift from Okawaru
 19349 | Snake:2  | Reached skill level 5 in Invocations
 19349 | Snake:2  | Reached XP level 15. HP: 83/92 MP: 22/22
 19579 | Snake:2  | Identified the cursed +0 great mace of Fragile Peace
                  | {vorpal, rN+ Int+3} (You found it on level 2 of the Snake
                  | Pit)
 19692 | Snake:3  | Reached skill level 10 in Armour
 19784 | Snake:3  | Received a gift from Okawaru
 20267 | Snake:3  | Noticed a nagaraja
 20305 | Snake:3  | Killed a nagaraja
 20318 | Snake:3  | Reached skill level 16 in Shields
 20718 | Snake:3  | Identified Roxanne's Papyrus of Transmigration
 20718 | Snake:3  | Noticed Roxanne
 20746 | Snake:3  | Killed Roxanne
 21619 | Snake:3  | Identified the cursed ring "Yddosm" {+Inv Str+2 Int-4 Dex+4
                  | Stlth+}
 21920 | Snake:3  | Learned a level 1 spell: Sting
 21970 | Snake:4  | Entered Level 4 of the Snake Pit
 22874 | Snake:4  | Reached XP level 16. HP: 79/100 MP: 23/23
 23269 | Snake:4  | Reached skill level 5 in Evocations
 23510 | Snake:4  | Noticed a nagaraja
 23528 | Snake:4  | Noticed a nagaraja
 23922 | Snake:4  | Killed a nagaraja
 23922 | Snake:4  | Reached skill level 17 in Shields
 23931 | Snake:4  | Killed a nagaraja
 24561 | Snake:4  | Noticed a nagaraja
 24601 | Snake:4  | Killed a nagaraja
 24656 | Snake:4  | Reached skill level 5 in Stealth
 24686 | Snake:4  | Noticed a nagaraja
 24704 | Snake:4  | Killed a nagaraja
 24727 | Snake:4  | Mangled by a naga warrior

Illustrated notes

Levels and vault maps discovered:
D:1:      dpeg_arrival_houses_and_road, layout_rooms
D:2:      layout_loops_ring, grunt_ministairs_15, minmay_misc_feat_x,
          minmay_liquid_box
D:3:      layout_basic, uniq_robin, uniq_grinder, uniq_terence, uniq_sigmund
D:4:      layout_cave_pools, minmay_temple_entry_grid, serial_forest,
          infiniplex_forest_corner_2, infiniplex_forest_lined_2,
          infiniplex_forest_lined_4_way, infiniplex_forest_straight_5,
          infiniplex_forest_clump_cross, first_ration, portal_sewer_entry_d,
          uniq_blork_the_orc, uniq_purgy
D:5:      layout_layer_cave, hangedman_abyss_or_decor_passed, st_stairs_12
D:6:      layout_basic, kennysheep_mini_moat, hellmonk_ghost_happy_afterlife
D:7:      kennysheep_kobold_camp, layout_basic, basic_altar, serial_shops, shop,
          uniq_pikel, uniq_duvessa
D:8:      layout_cave_pools, the_bakery, sword_in_stone
D:9:      layout_stronghold, orc_0_dummy, serial_shops, shop, uniq_joseph
D:10:     layout_basic, serial_shops, shop, basic_altar,
          chequers_serial_rivers_large_b, minmay_guarded_unrand_finisher
D:11:     cheibrodos_shockbox, layout_gridville, dpeg_lair_monsters,
          minmay_statues_item
Temple:   regret_index_temple_sigil_plot
Lair:1:   layout_long_grid, special_room [special_room_bee],
          serial_bayou_pond_d, cheibrodos_lair_lostbears, uniq_gastronok
Lair:2:   layout_regular_city, grunt_megastairs_2
Lair:3:   layout_gridlike, elwin_shoals_entry_stream,
          minmay_snake_entry_six_corridors, chequers_serial_rivers_small_b,
          grunt_megastairs_4, lemuel_fruit_fields, uniq_urug
Lair:4:   layout_gridlike, lemuel_fruit_fields
Lair:5:   layout_cave_pods, infiniplex_staircase_pool_2, lemuel_fruit_fields,
          lemuel_fruit_tree
Snake:1:  layout_onion_interference, grunt_ministairs_5
Snake:2:  layout_misc_corridors
Snake:3:  minmay_snake_river, layout_rooms, portal_ice_cave_entry_pillars_1,
          hangedman_corner_corridor, uniq_roxanne
Snake:4:  grunt_snake_rune_pools, layout_cave_town

Skill      XL: |  1  2  3  4  5  6  7  8  9 10 11 12 13 14 15 16 |
---------------+-------------------------------------------------+-----
Maces & Flails | 3 4 5 6 7 8 9 10 11 12 13 14 | 14.4
Shields        | 4 5 6 7 8 9 10 12 14 15 16 17 | 17.4
Armour         | 4 5 6 7 8 9 10 | 10.1
Fighting       | 4 6 7 8 9 10 11 | 11.6
Dodging        | 1 2 3 4 |  4.6
Stealth        | 1 3 4 5 |  5.0
Evocations     | 1 2 3 4 5 |  5.3
Invocations    | 1 2 3 5 6 |  6.3
Conjurations   | 3 4 5 |  5.1
Spellcasting   | 3 4 5 |  5.0
Fire Magic     | 2 4 |  4.6

Action                   |  1- 3 |  4- 6 |  7- 9 | 10-12 | 13-15 | 16-18 || total
-------------------------+-------+-------+-------+-------+-------+-------++-------
Melee: Flail             |   111 |   161 |   512 |   750 |  1011 |   246 ||  2791
 Cast: Foxfire           |       |       |       |    16 |    27 |     2 ||    45
       Sting             |       |       |       |       |     1 |     1 ||     2
Invok: Heroism           |       |       |     7 |    25 |    60 |    11 ||   103
       Finesse           |       |       |       |     2 |     8 |     3 ||    13
 Abil: Fly               |       |       |       |       |     1 |       ||     1
Evoke: Wand              |       |       |    25 |    15 |    82 |    12 ||   134
  Use: Scroll            |     5 |     2 |    14 |     8 |    12 |       ||    41
       Potion            |       |     5 |       |       |     1 |     5 ||    11
 Stab: Confused          |       |       |       |     3 |     1 |       ||     4
       Paralysed         |       |       |       |     3 |       |       ||     3
       Distracted        |       |       |       |       |       |     1 ||     1
  Eat: Chunk             |       |     4 |    16 |     8 |     4 |       ||    32
       Ration            |       |       |       |     4 |     7 |     2 ||    13
Armor: Scale mail        |    32 |       |       |    25 |    69 |       ||   126
       Chain mail        |    27 |    82 |   252 |   238 |    74 |       ||   673
       Skin              |       |     7 |       |       |    69 |    44 ||   120
Dodge: Dodged            |    28 |    20 |    77 |   165 |   191 |    70 ||   551
Block: Kite shield       |    55 |     6 |   170 |   718 |   941 |   253 ||  2143
       Tower shield      |       |   128 |   231 |       |       |       ||   359
       Reflection        |       |       |       |     1 |    76 |    43 ||   120
